AoeStats
← JamesNewstedd

Fortress

508943495Analyzed
3v3 RM · 8d ago on Sep 24, 2026· 99m 23s· 6 players
Game mode
Random Map
Map size
Large (8 player)
Population
200
Speed
Normal
Resources
Standard
Victory
Conquest
Starting age
Dark Age
Ending age
Imperial Age
RankedLock teamsTeams togetherTeam positionsShared explorationLock speedFull tech treeHidden civsTurbo modeCheats
Victory
Defeat
🇩🇪 Mongols · Germany
1500
+17
🇩🇪 Gurjaras · Germany
1441
+20
🇩🇪 Teutons · Germany
1347
+23
🇩🇪 Burmese · Germany
1606
-22
🇩🇪 Bohemians · Germany
1532
-21
🇩🇪 Franks · Germany
1435
-17
TrCL.MAN1AC
7:35 Feudal Age
11:11 Castle Age
9:04 Double-Bit Axe
9:04 Horse Collar
12:30 Bow Saw
13:15 Wheelbarrow
19:21 Stone Mining
19:57 Hand Cart
20:09 Heavy Plow
20:40 Gold Mining
25:03 Imperial Age
22:42 Loom
22:45 Town Watch
23:18 Fletching
23:29 Padded Archer Armor
24:16 Husbandry
24:26 Bloodlines
24:23 Thumb Ring
24:17 Bodkin Arrow
26:05 Gold Shaft Mining
26:30 Conscription
26:38 Conscription
25:44 Elite Mangudai
26:45 Onager
28:04 Parthian Tactics
27:42 Bracer
29:26 Ballistics
30:07 Chemistry
29:30 Siege Onager
30:33 Drill
31:34 Leather Archer Armor
32:58 Caravan
44:33 Capped Ram
46:58 Siege Ram
53:38 Masonry
53:35 Siege Engineers
53:40 Masonry
53:43 Fortified Wall
53:29 Murder Holes
56:34 Coinage
62:27 Banking
99:04 Hoardings
Gladiator
8:59 Feudal Age
9:42 Loom
13:23 Castle Age
11:33 Horse Collar
11:49 Double-Bit Axe
12:12 Horse Collar
14:28 Wheelbarrow
13:39 Town Watch
14:13 Bow Saw
14:41 Heavy Plow
21:30 Hand Cart
21:15 Stone Mining
27:42 Imperial Age
25:19 Gold Mining
26:44 Scale Mail Armor
27:14 Kshatriyas
28:32 Forging
29:06 Conscription
29:00 Elite Chakram Thrower
30:28 Iron Casting
31:25 Chain Mail Armor
32:33 Siege Elephant
33:37 Arson
34:24 Plate Mail Armor
34:04 Husbandry
34:17 Bloodlines
33:58 Fletching
34:01 Light Cavalry
34:47 Scale Barding Armor
36:11 Hussar
37:15 Chain Barding Armor
39:12 Chemistry
39:19 Plate Barding Armor
39:14 Bodkin Arrow
45:37 Caravan
51:34 Heavy Camel Rider
52:35 Frontier Guards
53:15 Fortified Wall
52:46 Treadmill Crane
53:17 Masonry
56:27 Coinage
59:19 Ballistics
59:00 Bracer
95:29 Elite Shrivamsha Rider
Replikator
8:21 Feudal Age
9:13 Double-Bit Axe
12:03 Castle Age
9:54 Horse Collar
12:30 Stone Mining
13:34 Bow Saw
13:56 Heavy Plow
13:56 Gold Mining
19:39 Wheelbarrow
19:12 Loom
21:27 Hand Cart
25:57 Imperial Age
23:35 Town Watch
23:43 Fletching
24:53 Scale Mail Armor
25:04 Forging
24:58 Squires
26:35 Chain Mail Armor
26:17 Elite Teutonic Knight
27:37 Iron Casting
26:26 Capped Ram
27:58 Ironclad
30:37 Plate Mail Armor
31:54 Siege Engineers
33:59 Caravan
38:59 Arson
41:43 Blast Furnace
44:12 Crenellations
43:49 Bodkin Arrow
45:45 Scale Barding Armor
46:24 Cavalier
47:15 Bloodlines
47:27 Chain Barding Armor
48:44 Plate Barding Armor
47:50 Paladin
62:59 Pikeman
63:47 Halberdier
89:50 Coinage
SvenVonE ツ
7:56 Feudal Age
9:15 Horse Collar
9:58 Double-Bit Axe
12:15 Castle Age
10:25 Loom
12:34 Wheelbarrow
13:55 Bow Saw
14:42 Town Watch
17:56 Fervor
20:15 Forging
22:24 Heavy Plow
21:50 Pikeman
26:12 Imperial Age
25:04 Chemistry
25:23 Sanctity
25:58 Hand Cart
25:46 Scale Mail Armor
26:21 Iron Casting
26:21 Squires
26:56 Chain Mail Armor
27:43 Houfnice
29:12 Plate Mail Armor
29:37 Conscription
30:48 Fletching
31:59 Blast Furnace
32:18 Bodkin Arrow
32:53 Elite Hussite Wagon
33:40 Wagenburg Tactics
33:53 Bracer
36:48 Halberdier
41:18 Arson
42:13 Bombard Tower
46:49 Murder Holes
47:06 Masonry
48:49 Fortified Wall
53:13 Architecture
93:19 Caravan
105er.DarkSheep
7:56 Feudal Age
11:42 Castle Age
9:47 Double-Bit Axe
12:48 Bow Saw
17:41 Wheelbarrow
20:04 Gold Mining
21:18 Hand Cart
24:36 Imperial Age
21:56 Loom
21:56 Town Watch
22:51 Fletching
23:52 Ballistics
22:54 Ordonnance Companies
24:17 Padded Archer Armor
24:13 Bodkin Arrow
25:25 Gold Shaft Mining
24:41 Stone Mining
26:48 Chemistry
26:24 Conscription
26:17 Heavy Mounted Crossbowman
26:37 Cranequins
27:46 Leather Archer Armor
27:41 Husbandry
28:54 Caravan
31:05 Scale Barding Armor
31:11 Forging
32:48 Cavalier
33:48 Chain Barding Armor
34:18 Paladin
36:08 Plate Barding Armor
36:08 Iron Casting
42:04 Light Cavalry
46:22 Masonry
46:18 Siege Engineers
46:24 Fortified Wall
48:03 Chivalry
53:17 Architecture
53:55 Blast Furnace
53:32 Hoardings
62:01 Coinage
65:05 Banking
JamesNewstedd
7:14 Feudal Age
11:34 Castle Age
9:33 Horse Collar
12:26 Wheelbarrow
12:34 Heavy Plow
20:03 Hand Cart
21:27 Fervor
26:36 Imperial Age
23:52 Town Watch
24:53 Stone Mining
24:54 Gold Mining
26:52 Scale Mail Armor
27:03 Padded Archer Armor
28:02 Chain Mail Armor
27:10 Man-at-Arms
27:51 Squires
27:11 Pikeman
28:16 Conscription
27:16 Elite Arambai
28:10 Guilds
28:47 Gold Shaft Mining
28:28 Bloodlines
28:19 Husbandry
28:30 Treadmill Crane
29:51 Chemistry
29:13 Caravan
29:14 Halberdier
30:01 Arson
30:47 Plate Mail Armor
30:28 Forging
34:25 Parthian Tactics
34:39 Iron Casting
33:54 Fletching
34:42 Ballistics
34:34 Masonry
36:35 Fortified Wall
47:19 Siege Engineers
47:45 Architecture
48:03 Light Cavalry
48:50 Scale Barding Armor
49:45 Blast Furnace
50:02 Hussar
51:06 Chain Barding Armor
52:36 Plate Barding Armor
54:40 Manipur Cavalry
55:50 Bodkin Arrow
58:44 Elite Battle Elephant
59:27 Howdah
59:44 Howdah
60:25 Coinage
64:02 Banking
66:18 Crop Rotation
67:11 Town Patrol
82:28 Bracer
Connection lost

Rejoining the realm…

Still unreachable

The connection could not be restored.

Session expired

The server has moved on; the page needs a fresh start.